 Dungeon Crawl Stone Soup version 0.29-a0-330-g52719c12eb (webtiles) character file.

Game seed: 10516703116751827381

8078 dohliylev the Cleaver (level 11, -9/101 HPs)
             Began as a Minotaur Berserker on Apr 20, 2022.
             Was a Believer of Trog.
             Mangled by a shadow (22 damage)
             ... on level 10 of the Dungeon.
             The game lasted 00:19:10 (8191 turns).

dohliylev the Cleaver (Minotaur Berserker)          Turns: 8191, Time: 00:19:11

Health: -9/101     AC:  8    Str: 26    XL:     11   Next: 5%
Magic:  10/10      EV: 17    Int:  4    God:    Trog [**....]
Gold:   467        SH:  0    Dex: 16    Spells: 10/10 levels left

rFire   . . .      SeeInvis .   H - +0 war axe
rCold   . . .      Faith    .   (no shield)
rNeg    . . .      Spirit   .   J - +0 troll leather armour
rPois   .          Reflect  .   (helmet restricted)
rElec   .          Harm     +   L - scarf {harm}
rCorr   .          Rampage  .   M - +0 pair of gloves
Will    ++...                   s - +0 pair of boots
Stlth   +.........              (no amulet)
HPRegen 2.06/turn               g - +4 ring of evasion
MPRegen 0.12/turn               u - +6 ring of dexterity

@: strong-willed (expiring), on berserk cooldown, regenerating (expiring),
slowed, very slow
A: horns 2, retaliatory headbutt
a: Renounce Religion, Berserk, Trog's Hand


You were on level 10 of the Dungeon.
You worshipped Trog.
Trog was pleased with you.
You visited 1 branch of the dungeon, and saw 10 of its levels.

You collected 467 gold pieces.

Inventory:

Hand Weapons
 H - a +0 war axe (weapon)
 I - a +2 glaive of electrocution
Armour
 s - a +0 pair of boots (worn)
 J - a +0 troll leather armour (worn)
 K - +0 steam dragon scales
 L - a scarf of harm (worn)
 M - a +0 pair of gloves (worn)
Jewellery
 c - a ring of see invisible
 g - a +4 ring of evasion (left hand)
 u - a +6 ring of dexterity (right hand)
 B - an amulet of faith
Wands
 a - a wand of acid (5)
 v - a wand of digging (14)
 y - a wand of iceblast (14)
 C - a wand of flame (2)
Scrolls
 b - 2 scrolls of blinking (quivered) {unknown}
 d - 3 scrolls of enchant weapon {unknown}
 f - 6 scrolls of identify {unknown}
 h - 2 scrolls of brand weapon {unknown}
 i - 2 scrolls of vulnerability {unknown}
 k - 3 scrolls of amnesia {unknown}
 n - 3 scrolls of fear {unknown}
 o - 4 scrolls of fog {unknown}
 r - a scroll of silence {unknown}
 t - 3 scrolls of teleportation {unknown}
 D - 2 scrolls of magic mapping {unknown}
 E - a scroll of noise {unknown}
 G - a scroll of enchant armour {unknown}
Potions
 e - 2 potions of magic {unknown}
 j - 2 potions of resistance {unknown}
 l - 3 potions of might {unknown}
 m - 3 potions of brilliance {unknown}
 p - 4 potions of curing {unknown}
 q - a potion of degeneration {unknown}
 x - 2 potions of ambrosia {unknown}
 z - 3 potions of heal wounds {unknown}
 A - a potion of lignification {unknown}
 F - a potion of mutation {unknown}


   Skills:
 + Level 10.4 Fighting
 + Level 14.6 Axes
 + Level 10.6 Armour
 + Level 4.0 Dodging


You had 10 spell levels left.
You didn't know any spells.
Your spell library was empty.

Dungeon Overview and Level Annotations

Branches:
Dungeon (10/15)            Temple (0/1) D:4            Lair (0/6) D:10
    Orc: D:9-12

Altars:
Ashenzari
Fedhas
Makhleb
Okawaru
Xom
The Shining One

Shops:
D:7 (   D:9 *(


Innate Abilities, Weirdness & Mutations

You have a pair of horns on your head.
You reflexively headbutt those who attack you in melee.


Message History

You hit the warg.
The warg is heavily wounded.
You hit the orc warrior but do no damage.
The warg completely misses you. You furiously retaliate!
You headbutt the warg.
The orc warrior hits you but does no damage.
The warg misses you.
The orc warrior hits you with a +0 war axe!
* * * LOW HITPOINT WARNING * * *
You hit the orc warrior.
The orc warrior is severely wounded.
You hit the warg. You hit the orc warrior. The warg barely misses you.
You furiously retaliate!
You headbutt the warg, but do no damage.
The orc warrior hits you with a +0 war axe!
* * * LOW HITPOINT WARNING * * *
The orc warrior completely misses you. You furiously retaliate!
You headbutt the orc warrior, but do no damage.
The warg barely misses you.
You slash the orc warrior! You headbutt the orc warrior.
You kill the orc warrior!
Trog accepts your kill.
You closely miss the orc warrior. You slash the warg!
You kill the warg!
Trog accepts your kill.
The orc warrior hits you but does no damage.
The warg closely misses you. The orc warrior misses you.
You slice the warg!!
The warg is severely wounded.
You slash the orc warrior! The warg misses you.
The orc warrior completely misses you. The warg barely misses you.
You furiously retaliate!
You headbutt the warg. You slash the warg!
You kill the warg!
Trog accepts your kill.
You closely miss the orc warrior. You slash the yak!
You feel the effects of Trog's Hand fading.
The orc warrior closely misses you. The yak gores you!
* * * LOW HITPOINT WARNING * * *
The shadow strikes at you from the darkness!
You die...

.... .......## ###..##.
....###.......###.......
....##......###........
#..##................. #.
#.#.....###..........
###.###........#.........##
........YD...............#.
#.....YDo)Y...............
###...###@#.#.##.......#..
#.... ######.........###
#....o #..........#. #.....
##..#.#.##... .......
.....#...##... .......
.....####.#.... .....>o
..#.... .<..... . ###.#
.#..... .## .. ... .


You could see 3 yaks, an orc warrior and 2 acid dragons.

Vanquished Creatures
  2 two-headed ogres
  A sixfirhy (D:8)
  2 gargoyles (D:10)
  A kobold demonologist (D:8)
  A troll (D:9)
  The ghost of qborf the Conjurer, an amateur TeCj of Vehumet (D:5)
  5 yaks (D:9)
  3 steam dragons
  Menkaure (D:6)
  2 wargs (D:10)
  2 water moccasins
  Duvessa (D:5)
  5 orc warriors
  2 ice beasts
  2 sky beasts
  4 centaurs
  5 bullfrogs
  3 kobold brigands
  A necrophage (D:6)
  10 wights
  Dowan (D:5)
  3 killer bees (D:7)
  7 howler monkeys
  3 hounds
  3 quasits (D:5)
  Crazy Yiuf (D:6)
  A gnoll shaman (D:7)
  4 orc priests
  6 iguanas
  4 orc wizards
  5 gnolls (D:7)
  5 adders
  2 white imps
  An ufetubus (D:4)
  A worm (D:3)
  3 dart slugs (D:1)
  29 orcs
  6 ball pythons
  2 bats
  5 endoplasms
  4 giant cockroaches
  5 goblins
  5 hobgoblins
  6 jackals
  22 kobolds
  A quokka (D:2)
  3 frilled lizards
  6 rats
198 creatures vanquished.

Vanquished Creatures (others)
  An orc (D:9)
  3 plants
4 creatures vanquished.

Grand Total: 202 creatures vanquished

Notes
Turn   | Place    | Note
-------+----------+-------------------------------------------
     0 | D:1      | dohliylev the Minotaur Berserker began the quest for the
                  | Orb.
     0 | D:1      | Reached XP level 1. HP: 19/19 MP: 0/0
     8 | D:1      | Noticed an electric eel
    22 | D:1      | Noticed an electric eel
   105 | D:1      | Reached XP level 2. HP: 25/27 MP: 1/1
   134 | D:1      | Reached skill level 4 in Axes
   617 | D:2      | Reached XP level 3. HP: 33/33 MP: 2/2
   705 | D:2      | Reached ** piety under Trog
   846 | D:2      | Found a faded altar of an unknown god.
  1452 | D:3      | Reached XP level 4. HP: 41/41 MP: 3/3
  1461 | D:3      | Reached skill level 5 in Axes
  1812 | D:3      | Found an iron altar of Okawaru.
  1841 | D:3      | Found a glowing golden altar of the Shining One.
  2011 | D:4      | Reached XP level 5. HP: 37/47 MP: 4/4
  2081 | D:4      | Found a shimmering altar of Xom.
  2273 | D:4      | Found a staircase to the Ecumenical Temple.
  2452 | D:4      | Reached skill level 5 in Fighting
  2652 | D:5      | Entered Level 5 of the Dungeon
  2771 | D:5      | Reached skill level 6 in Axes
  2821 | D:5      | Reached XP level 6. HP: 40/56 MP: 5/5
  2915 | D:5      | Noticed an ice beast
  2929 | D:5      | Killed an ice beast
  2993 | D:5      | Reached skill level 7 in Axes
  3003 | D:5      | Noticed qborf's ghost (amateur TeCj)
  3023 | D:5      | Found a transporter.
  3041 | D:5      | Found a transporter.
  3173 | D:5      | Noticed Duvessa
  3186 | D:5      | Killed Duvessa
  3187 | D:5      | Reached XP level 7. HP: 62/62 MP: 6/6
  3193 | D:5      | Noticed Dowan
  3261 | D:5      | Killed Dowan
  3669 | D:5      | Reached skill level 5 in Armour
  3737 | D:5      | Found a blossoming altar of Fedhas.
  3798 | D:5      | Reached skill level 8 in Axes
  3804 | D:5      | Killed qborf's ghost
  3999 | D:6      | Reached XP level 8. HP: 71/71 MP: 7/7
  4010 | D:6      | Found a runed translucent door.
  4011 | D:6      | Noticed Crazy Yiuf
  4176 | D:6      | Killed Crazy Yiuf
  4255 | D:6      | Noticed Menkaure
  4266 | D:6      | Killed Menkaure
  4267 | D:6      | Reached skill level 9 in Axes
  5011 | D:7      | Found a burning altar of Makhleb.
  5046 | D:7      | Reached skill level 10 in Axes
  5072 | D:7      | Reached XP level 9. HP: 77/79 MP: 8/8
  5862 | D:7      | Found Huzikh's Antique Weapon Emporium.
  6164 | D:8      | Reached skill level 11 in Axes
  6450 | D:8      | Noticed a two-headed ogre
  6451 | D:8      | Noticed a kobold demonologist
  6452 | D:8      | Reached *** piety under Trog
  6458 | D:8      | Killed a kobold demonologist
  6461 | D:8      | Killed a two-headed ogre
  6462 | D:8      | Reached skill level 12 in Axes
  6462 | D:8      | Reached XP level 10. HP: 90/90 MP: 9/9
  6695 | D:8      | Found a runed translucent door.
  6695 | D:8      | Noticed a sixfirhy
  6979 | D:8      | Killed a sixfirhy
  7036 | D:9      | Noticed a two-headed ogre
  7044 | D:9      | Killed a two-headed ogre
  7045 | D:9      | Reached skill level 13 in Axes
  7062 | D:9      | Reached skill level 10 in Armour
  7518 | D:9      | Reached skill level 10 in Fighting
  7522 | D:9      | Reached skill level 14 in Axes
  7948 | D:9      | Found Babbeaw's Weapon Boutique.
  7985 | D:9      | Found Gukasiv's Serpentskin Sales.
  8055 | D:9      | Found a broken altar of Ashenzari.
  8065 | D:10     | Entered Level 10 of the Dungeon
  8065 | D:10     | Noticed a gargoyle
  8075 | D:10     | Killed a gargoyle
  8119 | D:10     | Noticed a gargoyle
  8126 | D:10     | Killed a gargoyle
  8127 | D:10     | Reached XP level 11. HP: 68/101 MP: 10/10
  8181 | D:10     | Found a staircase to the Lair.
  8191 | D:10     | Mangled by a shadow

Illustrated notes

Levels and vault maps discovered:
D:1:      arrival_aquarium_b, layout_rooms, chequers_serial_rivers_micro_b,
          chequers_serial_rivers_micro_c
D:2:      layout_basic, chequers_ecumenical_altar_simple_redux
D:3:      layout_rooms, mainiacjoe_overflow_big_doors
D:4:      layout_basic, mainiacjoe_overflow_paths, temple_statues
D:5:      layout_loops_ring, mainiacjoe_overflow_alcove_4,
          gammafunk_ghost_stat_death, kennysheep_generic_room_13, uniq_duvessa
D:6:      layout_cave_pools, uniq_menkaure, uniq_crazy_yiuf_cottage
D:7:      layout_loops_cross, mainiacjoe_overflow_24_doors, serial_shops, shop
D:8:      cheibrodos_shockbox, layout_loops_ring, serial_bayou_pond_d,
          hangedman_minor_gate_pass
D:9:      layout_cave_pools, kennysheep_mini, serial_shops,
          kennysheep_little_box, minmay_misc_feat_chi, guppyfry_shop_venom
D:10:     layout_cave_pools, erik_lair_orcish_takeover, serial_shops,
          nicolae_diamond_shop, nicolae_shop_stone, serial_bayou,
          serial_bayou_pond_b, serial_bayou_pond_e, serial_bayou_shore_b,
          serial_bayou_pond_c, serial_bayou_pond_e, grunt_ministairs_10

Skill      XL: |  1  2  3  4  5  6  7  8  9 10 |
---------------+-------------------------------+-----
Fighting       | 4 5 6 7 8 10 | 10.4
Axes           | 4 5 6 7 8 10 12 14 | 14.6
Armour         | 3 4 6 8 9 10 | 10.6
Dodging        | 3 4 |  4.0

Action                   |  1- 3 |  4- 6 |  7- 9 | 10-12 || total
-------------------------+-------+-------+-------+-------++-------
Melee: Hand axe          |    74 |   107 |   136 |       ||   317
       Headbutt          |     9 |    16 |    41 |    27 ||    93
       Punch             |     1 |       |     3 |     1 ||     5
       War axe           |       |       |    44 |    92 ||   136
Invok: Berserk           |     2 |     5 |     8 |     6 ||    21
       Trog's Hand       |       |     3 |     8 |     7 ||    18
Armor: Ring mail         |     8 |       |       |       ||     8
       Chain mail        |    26 |    38 |    73 |       ||   137
       Plate armour      |       |       |    22 |    61 ||    83
       Troll leather arm |       |       |       |     4 ||     4
Dodge: Dodged            |    48 |    62 |   124 |    94 ||   328

Table legend: (Time is in decaauts)
 A = Elapsed time spent in this place.
 B = Non-inter-level travel time spent in this place.
 C = Inter-level travel time spent in this place.
 D = Time resting spent in this place.
 E = Time spent auto-exploring this place.
 F = Levels seen in this place.
 G = Mean time per level.
                   A        B        C        D        E       F      G
               +--------+--------+--------+--------+--------+-----+--------+
         Total |   8358 |   8010 |    348 |   1736 |   4839 |  10 |  835.8 |
       Dungeon |   8358 |   8010 |    348 |   1736 |   4839 |  10 |  835.8 |
               +--------+--------+--------+--------+--------+-----+--------+

Top non-repeatable levels by time:
     D:5: 1362 daAuts
     D:8: 1107 daAuts
     D:9: 1050 daAuts
     D:6: 1010 daAuts
     D:7: 981 daAuts
     D:2: 880 daAuts
     D:4: 727 daAuts
     D:1: 581 daAuts
     D:3: 525 daAuts
    D:10: 131 daAuts
